 Dungeon Crawl Stone Soup version 0.31.0-11-ge490571c62 (webtiles) character file.

Game seed: 3536486648933096904

236 Bobbunny the Trooper (level 5, -1/50 HPs)
             Began as a Minotaur Fighter on Feb 3, 2024.
             Slain by a kobold brigand
             ... wielding a +0 great sword
              (4 damage)
             ... in a sewer.
             The game lasted 00:01:16 (1921 turns).

Bobbunny the Trooper (Minotaur Fighter)             Turns: 1921, Time: 00:01:17

Health: -1/50      AC:  6    Str: 23    XL:     5   Next: 77%
Magic:  4/4        EV:  9    Int:  5    God:
Gold:   85         SH:  4    Dex:  9    Spells: 4/4 levels left

rFire   . . .        a - +0 war axe
rCold   . . .        c - +0 buckler
rNeg    . . .        b - +0 scale mail
rPois   .            (helmet restricted)
rElec   .            (no cloak)
rCorr   .            (no gloves)
SInv    .            (no boots)
Will    .....        (no amulet) Stlth
                     (no ring)
HPRegen 0.28/turn    (no ring)
MPRegen 0.09/turn

%: no passive effects
@: no status effects
A: horns 2, retaliatory headbutt
a: no special abilities


You were in a sewer.
You visited 1 branch of the dungeon, and saw 3 of its levels.
You also visited: Sewer.

You collected 85 gold pieces.

Inventory:

Hand Weapons
 a - a +0 war axe (weapon)
Missiles
 h - 5 atropa-tipped darts (quivered)
 q - 10 poisoned darts
Armour
 b - a +0 scale mail (worn)
 c - a +0 buckler (worn)
Scrolls
 e - a scroll of noise {unknown}
 f - a scroll of immolation {unknown}
 i - a scroll of fog {unknown}
 j - 5 scrolls of identify {unknown}
 l - a scroll of fear {unknown}
 o - a scroll of teleportation {unknown}
Potions
 d - a potion of might
 g - a potion of lignification {unknown}
 k - 2 potions of degeneration {unknown}
 m - a potion of attraction {unknown}
 n - a potion of berserk rage {unknown}
 p - a potion of heal wounds {unknown}


   Skills:
 + Level 6.1 Fighting
 + Level 5.4 Axes
 - Level 3.6 Armour
 - Level 3.6 Shields


You had 4 spell levels left.
You didn't know any spells.
Your spell library was empty.

Dungeon Overview and Level Annotations

Branches:
Dungeon (3/15)              Sewer (1/1)

Altars:


Innate Abilities, Weirdness & Mutations

You have a pair of horns on your head.
You reflexively headbutt those who attack you in melee.


Message History

You are too injured to fight recklessly!
You are too injured to fight recklessly!
You are too injured to fight recklessly!
You are too injured to fight recklessly!
You are too injured to fight recklessly!
You are too injured to fight recklessly!
You are too injured to fight recklessly!
You are too injured to fight recklessly!
You slash the kobold brigand!
The kobold brigand is severely wounded.
You barely miss the kobold. You completely miss the kobold.
The kobold hits you but does no damage. The kobold brigand misses you.
You block the kobold's attack.
You closely miss the kobold brigand.
Your headbutt misses the kobold brigand.
The kobold brigand is severely wounded.
You hit the kobold.
You kill the kobold!
You barely miss the kobold. You block the kobold's attack.
The kobold brigand closely misses you. The kobold hits you but does no damage.
The kobold brigand hits you with a +0 great sword!
* * * LOW HITPOINT WARNING * * *
You hit the kobold brigand. You headbutt the kobold brigand!
The kobold brigand is almost dead.
You hit the kobold.
You kill the kobold!
The kobold brigand misses you.
You closely miss the kobold brigand.
Your headbutt misses the kobold brigand.
The kobold brigand is almost dead.
The kobold brigand hits you but does no damage.
You barely miss the kobold brigand.
The kobold brigand is almost dead.
You block the kobold brigand's attack.
The kobold brigand hits you with a +0 great sword.
* * * LOW HITPOINT WARNING * * *
You closely miss the kobold brigand.
The kobold brigand is almost dead.
The kobold brigand hits you with a +0 great sword.
You die...

#≈≈≈~~~#...#~≈≈≈≈≈#
#≈≈~~....≈...~~≈≈~#
#~.~~..#≈≈≈#..~~~~#
#......#≈≈≈#......#
#
#'#######≈#######+#
#~~~#...).)#...#....
#≈~~~~.~~)).....~~~~
#~~≈#~~≈~≈≈#...#~≈~≈
#############@#### #
#))K# ...⌠...
.'.......'.
...'.⌠._.⌠.'...
...'.......'...
~~~#..⌠.⌠..#~≈≈
#####.....#####


You could see a kobold brigand.

Vanquished Creatures
  A phantom (Sewer)
  A necrophage (Sewer)
  An adder (D:2)
  3 shadow imps (Sewer)
  2 ufetubi (Sewer)
  2 dart slugs
  2 orcs (D:3)
  3 endoplasms
  A giant cockroach (Sewer)
  A goblin (D:2)
  4 hobgoblins
  2 jackals (D:2)
  17 kobolds
  A quokka (D:3)
  3 ball pythons
  2 bats
  2 frilled lizards (D:3)
  A kobold zombie (Sewer)
  6 rats
55 creatures vanquished.

Notes
Turn   | Place    | Note
-------+----------+-------------------------------------------
     0 | D:1      | Bobbunny the Minotaur Fighter began the quest for the Orb.
     0 | D:1      | Reached XP level 1. HP: 19/19 MP: 0/0
  1079 | D:2      | Reached skill level 4 in Fighting
  1079 | D:2      | Reached XP level 2. HP: 23/27 MP: 1/1
  1416 | D:2      | Reached XP level 3. HP: 32/34 MP: 2/2
  1715 | D:3      | Found a glowing drain.
  1738 | Sewer    | Entered a sewer
  1827 | Sewer    | Reached XP level 4. HP: 32/41 MP: 3/3
  1829 | Sewer    | Reached skill level 5 in Fighting
  1841 | Sewer    | Noticed a phantom
  1844 | Sewer    | Found an ancient bone altar of Kikubaaqudgha.
  1849 | Sewer    | Noticed a necrophage
  1850 | Sewer    | Killed a phantom
  1851 | Sewer    | Reached XP level 5. HP: 40/50 MP: 4/4
  1869 | Sewer    | Reached skill level 6 in Fighting
  1869 | Sewer    | Reached skill level 5 in Axes
  1920 | Sewer    | HP: 2/50 [kobold brigand/+0 great sword (4)]
  1921 | Sewer    | Slain by a kobold brigand

Illustrated notes

Levels and vault maps discovered:
D:1:      roadster_arrival_rocket_large, layout_basic
D:2:      layout_loops_ring
D:3:      minmay_evil_eye, layout_basic, portal_sewer_entry_a
Sewer:    kennysheep_sewer_church

Skill      XL: |  1  2  3  4  5 |
---------------+----------------+-----
Fighting       | 4 5 6 |  6.1
Axes           | 3 4 5 |  5.4
Armour         | |  3.6
Shields        | |  3.6

Action                     |  1- 3 |  4- 6 || total
---------------------------+-------+-------++-------
  Melee: War axe           |    71 |    41 ||   112
         Headbutt          |    10 |     4 ||    14
 Armour: Scale mail        |    46 |    33 ||    79
  Dodge: Dodged            |    40 |    32 ||    72
  Block: Buckler           |    15 |    12 ||    27
